 Dungeon Crawl Stone Soup version 0.31.0-11-ge490571c62 (webtiles) character file.

Game seed: 11751669405936465144

70 jasper the Apothecary (level 4, -2/30 HPs)
             Began as a Vampire Alchemist on Feb 2, 2024.
             Killed by miscasting Mephitic Cloud (8 damage)
             ... on level 2 of the Dungeon.
             The game lasted 00:02:18 (1540 turns).

jasper the Apothecary (Vampire Alchemist)           Turns: 1540, Time: 00:02:19

Health: -2/30      AC:  2    Str:  7    XL:     4   Next: 3%
Magic:  2/7        EV: 12    Int: 19    God:
Gold:   65         SH:  0    Dex: 14    Spells: 3/7 levels left

rFire   . . .        h - +0 dagger
rCold   . . .        (no shield)
rNeg    . . .        a - +0 robe
rPois   .            (no helmet)
rElec   .            (no cloak)
rCorr   .            (no gloves)
SInv    +            (no boots)
Will    .....        (no amulet)
Stlth   ++           (no ring)
HPRegen 0.45/turn    (no ring)
MPRegen 0.10/turn

%: no passive effects
@: very slightly contaminated, healing quickly
A: alive, fangs 3, see invisible, vampiric 2
a: Exsanguinate


You were on level 2 of the Dungeon.
You visited 1 branch of the dungeon, and saw 2 of its levels.

You collected 65 gold pieces.

Inventory:

Hand Weapons
 c - a +0 spear
 h - a +0 dagger (weapon)
Armour
 a - a +0 robe (worn)
Jewellery
 l - a ring of willpower
Scrolls
 d - a scroll of teleportation {unknown}
 k - a scroll of enchant weapon {unknown}
Potions
 e - a potion of might {unknown}
 f - 3 potions of curing {unknown}
 g - a potion of brilliance {unknown}
 i - a potion of lignification {unknown}
 j - a potion of enlightenment {unknown}


   Skills:
 - Level 2.1 Dodging
 - Level 3.0 Stealth
 - Level 2.0 Spellcasting
 - Level 0.6 Conjurations
 + Level 5.4 Alchemy


You had 3 spell levels left.
You knew the following spells:

 Your Spells              Type           Power      Damage    Failure   Level
a - Sting                 Conj/Alch      52%        1d6       4%          1
b - Mephitic Cloud        Conj/Alch/Air  9%         N/A       22%         3

Your spell library contained the following spells:

 Spells                   Type           Power      Damage    Failure   Level
 Mercury Vapours          Alch/Air       24%        N/A       9%          2
 Volatile Blastmotes      Fire/Tloc      2%         2d10      45%         3
 Olgreb's Toxic Radiance  Alch           22%        N/A       19%         4
 Fulminant Prism          Conj/Alch      6%         3d6       43%         4
 Sticky Flame             Fire/Alch      12%        2d5       50%         4
 Iskenderun's Mystic Bla  Conj/Tloc      3%         2d3       83%         4


Dungeon Overview and Level Annotations

Branches:
Dungeon (2/15)

Altars:

Annotations:
D:2 Robin


Innate Abilities, Weirdness & Mutations

Your natural rate of healing is accelerated.
You have razor-sharp teeth.
You have supernaturally acute eyesight. (SInv)
You are afflicted with vampirism and can become a bat while bloodless.


Message History

Aiming: Sting (safe; 4% risk of failure)
Press: ? - help, Shift-Dir - straight line, f/p - goblin
Aim: a goblin, wielding a +0 whip and quivering stones (moderately wounded, strong, poisoned, 64% to hit)
The sting hits the goblin.
The goblin looks even sicker.
You kill the goblin!
The goblin hits you with a +0 club.
You have reached level 4!
Magic courses through your body.
The goblin looks more healthy.
A hobgoblin comes into view. It is wielding a +0 dagger.
The goblin barely misses you.
Casting: Sting (safe; 4% risk of failure)
Confirm with . or Enter, or press ? or * to list all spells.
Aiming: Sting (safe; 4% risk of failure)
Press: ? - help, Shift-Dir - straight line, f - Robin
Aim: Robin, wielding a +0 short sword, wearing a +0 animal skin and wearing a +2 helmet (79% to hit)
The sting misses Robin.
Robin hits you with a +0 short sword. The goblin hits you with a +0 club.
* * * LOW HITPOINT WARNING * * *
Casting: Sting (safe; 4% risk of failure)
Confirm with . or Enter, or press ? or * to list all spells.
Aiming: Sting (safe; 4% risk of failure)
Press: ? - help, Shift-Dir - straight line, f - goblin, p - Robin
Aim: a goblin, wielding a +0 club (almost dead, strong, 64% to hit)
The sting hits the goblin.
The goblin is poisoned.
You kill the goblin!
Robin hits you with a +0 short sword.
* * * LOW HITPOINT WARNING * * *
A goblin comes into view. It is wielding a +0 club.
Casting: Sting (safe; 4% risk of failure)
Confirm with . or Enter, or press ? or * to list all spells.
Okay, then.
Casting: Sting (safe; 4% risk of failure)
Confirm with . or Enter, or press ? or * to list all spells.
Aiming: Mephitic Cloud (quite dangerous; 22% risk of failure)
Press: ? - help, Shift-Dir - straight line, f - Robin
Aim: Robin, wielding a +0 short sword, wearing a +0 animal skin and wearing a +2 helmet (chance to affect: 91%)
You miscast Mephitic Cloud.
You are very lightly contaminated with residual magic.
Electricity courses through your body!
You die...

...# #.#.#.##[....# #.# ...#
#.#.#.##.##### #.# ...#
#.#.#.##+### #.#
...#######.#.#.#....######.#
...........#.#.+...........#
........####.###.).......###
.........................#
.######..###.#############
.........).#...)@g...g.g
..........)#..##########
##########....# ..........#
..[.####..... ... .......+ .
###....g# ......g #.....


You could see Robin, a hobgoblin (strong) and a goblin (strong).

Vanquished Creatures
  An adder (D:2)
  A gnoll (D:1)
  3 dart slugs (D:1)
  8 bats
  3 endoplasms (D:1)
  2 giant cockroaches (D:1)
  7 goblins
  3 hobgoblins
  3 jackals (D:2)
  3 kobolds
  A quokka (D:1)
  6 frilled lizards
41 creatures vanquished.

Notes
Turn   | Place    | Note
-------+----------+-------------------------------------------
     0 | D:1      | jasper the Vampire Alchemist began the quest for the Orb.
     0 | D:1      | Reached XP level 1. HP: 13/13 MP: 3/3
    87 | D:1      | Reached skill level 4 in Alchemy
    87 | D:1      | Reached XP level 2. HP: 11/19 MP: 0/5
   520 | D:1      | Gained mutation: You are afflicted with vampirism and can
                  | become a bat while bloodless. [Vampire growth]
   520 | D:1      | Reached XP level 3. HP: 24/24 MP: 1/6
   524 | D:1      | Learned a level 3 spell: Mephitic Cloud
  1291 | D:2      | Reached skill level 5 in Alchemy
  1529 | D:2      | Noticed Robin
  1537 | D:2      | Reached XP level 4. HP: 12/30 MP: 0/7
  1540 | D:2      | Killed by miscasting Mephitic Cloud

Illustrated notes

Levels and vault maps discovered:
D:1:      dpeg_arrival_round_a, layout_basic
D:2:      layout_basic, uniq_terence, uniq_natasha, uniq_robin

Skill      XL: |  1  2  3 |
---------------+----------+-----
Alchemy        | 4 5 |  5.4
Dodging        | |  2.1
Stealth        | |  3.0
Spellcasting   | |  2.0
Conjurations   | |  0.6

Action                     |  1- 3 |  4- 6 || total
---------------------------+-------+-------++-------
  Melee: Spear             |    19 |       ||    19
         Bite              |     3 |       ||     3
         Dagger            |     3 |       ||     3
   Cast: Sting             |    71 |     2 ||    73
    Use: Potion            |       |     1 ||     1
 Armour: Robe              |    27 |     3 ||    30
  Dodge: Dodged            |    30 |     1 ||    31
